 Dungeon Crawl Stone Soup version 0.26.1-2-gb8aa6d0cf2 (webtiles) character file.

Game seed: 7291550582090472932

4284 Amaterasu the Grappler (level 10, -1/89 HPs)
             Began as a Ghoul Monk on Feb 11, 2021.
             Was an Initiate of Gozag.
             Slain by a wolf (7 damage)
             ... led by Grum
             ... on level 8 of the Dungeon.
             The game lasted 00:12:05 (9502 turns).

Amaterasu the Grappler (Ghoul Monk)                 Turns: 9502, Time: 00:12:05

Health: -1/89      AC: 12    Str: 19    XL:     10   Next: 32%
Magic:  9/9        EV: 13    Int:  5    God:    Gozag
Gold:   252        SH:  5    Dex: 17    Spells: 9/9 levels left

rFire    . . .     SeeInvis .     - Unarmed
rCold    + . .     Faith    .   y - +0 buckler (curse)
rNeg     + + +     Spirit   .   l - +0 ring mail
rPois    ∞         Reflect  .   i - +0 helmet
rElec    .         Harm     .   c - +2 cloak
rCorr    +         Rampage  .   (no gloves)
Will     .....                  B - +1 pair of boots
Stlth    ++........             (no amulet)
HPRegen  0.00/turn              b - ring of resist corrosion
MPRegen  0.11/turn              F - +6 ring of dexterity

@: gold aura
A: claws 1, cold resistance 1, negative energy resistance 3, inhibited
regeneration, torment resistance, unbreathing
a: Renounce Religion, Potion Petition, Call Merchant, Bribe Branch


You were on level 8 of the Dungeon.
You worshipped Gozag.
Gozag was aware of your devotion.
You visited 1 branch of the dungeon, and saw 9 of its levels.
You also visited: Sewer.

You collected 1424 gold pieces.
You spent 1172 gold pieces at shops.

Inventory:

Armour
 a - a +0 scale mail
 c - a +2 cloak (worn)
 i - a +0 helmet (worn)
 k - a +0 tower shield
 l - a +0 ring mail (worn)
 y - a cursed +0 buckler (worn)
 B - a +1 pair of boots (worn)
Jewellery
 b - a ring of resist corrosion (left claw)
 p - an uncursed ring of ice
 A - an uncursed ring of willpower {unknown}
 F - a +6 ring of dexterity (right claw)
Wands
 r - a wand of paralysis (5)
 u - a wand of flame (26)
 w - a wand of acid (20)
 C - a wand of random effects (28)
Scrolls
 e - 4 scrolls of teleportation
 m - 6 scrolls of remove curse
 t - a scroll of amnesia
 x - 3 scrolls of fog
Potions
 d - 3 potions of lignification
 f - 3 potions of heal wounds
 g - 3 potions of brilliance
 h - 2 potions of berserk rage
 j - a potion of mutation
 n - a potion of haste
 o - 3 potions of curing
 q - a potion of ambrosia
 s - a potion of attraction
 v - a potion of invisibility
 z - 2 potions of magic
Miscellaneous
 D - a lightning rod (4/4)


   Skills:
 * Level 8.3 Fighting
 * Level 5.0 Armour
 * Level 4.5 Dodging
 - Level 2.1 Stealth
 * Level 3.5 Shields
 * Level 11.1 Unarmed Combat
 * Level 1.8 Evocations


You had 9 spell levels left.
You didn't know any spells.
Your spell library contained the following spells:

 Spells                   Type           Power        Failure   Level
 Animate Skeleton         Necr           0%           67%         1
 Magic Dart               Conj           0%           67%         1
 Pain                     Necr           0%           67%         1
 Blink                    Tloc           N/A          80%         2
 Call Imp                 Summ           0%           80%         2
 Slow                     Hex            0%           80%         2
 Conjure Flame            Conj/Fire      0%           95%         3
 Mephitic Cloud           Conj/Pois/Air  0%           95%         3
 Vampiric Draining        Necr           0%           95%         3
 Animate Dead             Necr           0%           100%        4
 Agony                    Necr           0%           100%        5
 Beastly Appendage        Tmut           Unusable     N/A         1
 Wereblood                Tmut           Unusable     N/A         2
 Spider Form              Tmut/Pois      Unusable     N/A         3
 Ice Form                 Ice/Tmut       Unusable     N/A         4
 Blade Hands              Tmut           Unusable     N/A         5

Dungeon Overview and Level Annotations

Branches:
Dungeon (9/15)             Temple (0/1) D:5           Sewer (visited)
   Lair: D:8-11         Orc: D:9-12

Altars:
Ashenzari
Cheibriados
Fedhas
Gozag
Hepliaklqana
Nemelex Xobeh
Sif Muna
Trog
Uskayaw
Zin

Shops:
D:4 *   D:7 [   D:8 :}[

Annotations:
D:5 exclusion: door
D:9 Grum


Innate Abilities, Weirdness & Mutations

You thrive by killing the living.
You are immune to poison.
You have sharp fingernails.
Your flesh is cold resistant. (rC+)
You are immune to negative energy. (rN+++)
You do not regenerate when monsters are visible.
You are immune to unholy pain and torment.
You can survive without breathing.


Message History

The wolf is almost dead.
You block the wolf's attack. The wolf bites you!
* * * LOW HITPOINT WARNING * * *
The wolf bites you!
* * * LOW HITPOINT WARNING * * *
You block the wolf's attack.
You closely miss the wolf.
The wolf is almost dead.
You block the wolf's attack. The wolf bites you.
* * * LOW HITPOINT WARNING * * *
You closely miss the wolf.
The wolf is almost dead.
The wolf bites you but does no damage. The wolf bites you.
* * * LOW HITPOINT WARNING * * *
You block the wolf's attack.
You miss the wolf.
The wolf is almost dead.
You block the wolf's attack. The wolf bites you!
You die...
Your body crumbles into a pile of gold.

#......##...##......#..##........
...........#.###....#..##...###..
##..)).#...#..........###.#####..
##..)..#.....#.....(.......#.#..#
#...).....#.##..............∩...#
#...#....######................##
##..#..<.# #.................#
.........## ##$.h.####..........
..#..#....####.#@h####..#........
.....#.....#.#......##.......#.##
#.......♣♣♣♣♣...............##...
#....#..♣###♣.............#.##...
###.....♣#∩'............###..#..#
#......♣###♣.....##.#.......##..
#..#...♣♣♣♣♣..##.####........#..
#....#........##.......##....#..
###..#....#.#.##....)......#....


You could see 2 wolves.

Vanquished Creatures
  2 two-headed ogres (D:9)
  Pikel (D:6)
  2 water moccasins
  An ice beast (D:7)
  An orc warrior (D:8)
  5 ogres
  3 centaurs
  A wolf (D:8)
  3 lemures (D:6)
  A big kobold (D:7)
  3 bullfrogs
  2 scorpions
  4 wights (D:7)
  3 howler monkeys
  A centaur zombie (D:6)
  A quasit (D:6)
  3 hounds
  A jelly (D:3)
  3 orc priests
  A centaur skeleton (D:5)
  A bullfrog skeleton (D:4)
  2 orc wizards (D:8)
  2 iguanas
  3 worker ants
  A hound skeleton (D:8)
  Robin (D:3)
  A howler monkey zombie (D:6)
  7 adders
  2 white imps
  An ufetubus (D:8)
  2 oozes
  An adder zombie (D:8)
  3 worms (D:2)
  2 dart slugs
  5 leopard geckos
  22 orcs
  8 giant cockroaches
  16 goblins
  9 hobgoblins
  14 jackals
  7 quokkas
  2 ball pythons
  7 bats
  5 frilled lizards
  12 kobolds
  A leopard gecko zombie (D:8)
  2 quokka skeletons
  8 rats
189 creatures vanquished.

Notes
Turn   | Place    | Note
-------+----------+-------------------------------------------
     0 | D:1      | Amaterasu the Ghoul Monk began the quest for the Orb.
     0 | D:1      | Reached XP level 1. HP: 19/19 MP: 0/0
   332 | D:1      | Reached XP level 2. HP: 15/27 MP: 1/1
  1503 | D:1      | Reached XP level 3. HP: 24/33 MP: 2/2
  1658 | D:2      | Found a glowing silver altar of Zin.
  1776 | D:2      | Reached skill level 4 in Unarmed Combat
  2135 | D:2      | Reached XP level 4. HP: 30/41 MP: 3/3
  2301 | D:2      | Found a bloodstained altar of Trog.
  2524 | D:3      | Found a hide-covered altar of Uskayaw.
  2527 | D:3      | Noticed Robin
  2866 | D:3      | Killed Robin
  2995 | D:3      | Found an opulent altar of Gozag.
  3004 | D:3      | Became a worshipper of Gozag Ym Sagoz the Greedy
  3031 | D:3      | Reached skill level 5 in Unarmed Combat
  3031 | D:3      | Reached XP level 5. HP: 46/47 MP: 4/4
  3297 | D:3      | Found a hazy altar of Hepliaklqana.
  3803 | D:4      | Reached skill level 5 in Fighting
  3803 | D:4      | Reached skill level 6 in Unarmed Combat
  3803 | D:4      | Reached XP level 6. HP: 56/56 MP: 5/5
  3912 | D:4      | Found a glowing drain.
  3917 | Sewer    | Entered a sewer
  3944 | Sewer    | Noticed a water moccasin
  3958 | Sewer    | Killed a water moccasin
  4122 | D:4      | Found Mead Bage's Assorted Antiques.
  4204 | D:4      | Bought a scroll labelled CICAZO ATOSAO for 20 gold pieces
  4204 | D:4      | Bought a knobbly opal ring for 100 gold pieces
  4204 | D:4      | Bought a scroll of identify for 40 gold pieces
  4204 | D:4      | Bought a scroll labelled BUOFUU QOPNUPH for 20 gold pieces
  4224 | D:4      | Found a sparkling altar of Nemelex Xobeh.
  4370 | D:4      | Reached XP level 7. HP: 50/63 MP: 6/6
  4588 | D:5      | Entered Level 5 of the Dungeon
  4649 | D:5      | Found a blossoming altar of Fedhas.
  4683 | D:5      | Reached skill level 7 in Unarmed Combat
  4876 | D:5      | Reached skill level 1 in Armour
  4955 | D:5      | Reached skill level 1 in Shields
  5296 | D:5      | You fall into a shaft and drop 3 floors!
  5298 | D:8      | Found a blossoming altar of Fedhas.
  5369 | D:7      | Reached XP level 8. HP: 14/70 MP: 7/7
  5647 | D:6      | Found a snail-covered altar of Cheibriados.
  5690 | D:5      | Found a staircase to the Ecumenical Temple.
  5757 | D:5      | Found a shimmering blue altar of Sif Muna.
  5873 | D:6      | Reached skill level 8 in Unarmed Combat
  6132 | D:6      | Noticed Pikel
  6137 | D:6      | Killed Pikel
  6138 | D:6      | Reached skill level 9 in Unarmed Combat
  6393 | D:6      | Reached XP level 9. HP: 78/78 MP: 8/8
  7182 | D:7      | Reached skill level 10 in Unarmed Combat
  7664 | D:7      | Found Nanilaec's Armour Emporium.
  7755 | D:4      | Bought a lightning rod (4/4) for 600 gold pieces
  8627 | D:8      | Found Qolan's Gadget Boutique.
  8632 | D:8      | Bought a wand of acid (10) for 392 gold pieces
  8865 | D:8      | Found Zepnemoz's Armour Shoppe.
  8953 | D:8      | Found Paonikeff's Book Shop.
  9087 | D:9      | Noticed a two-headed ogre
  9088 | D:9      | Found a broken altar of Ashenzari.
  9098 | D:9      | Killed a two-headed ogre
  9099 | D:9      | Reached skill level 1 in Evocations
  9099 | D:9      | Reached XP level 10. HP: 39/88 MP: 9/9
  9317 | D:9      | Noticed a two-headed ogre
  9330 | D:9      | Killed a two-headed ogre
  9331 | D:9      | Reached skill level 11 in Unarmed Combat
  9477 | D:9      | Noticed Grum
  9493 | D:8      | Reached skill level 5 in Armour
  9502 | D:8      | Slain by a wolf

Illustrated notes

Levels and vault maps discovered:
D:1:      minmay_arrival_hallway, layout_basic, hangedman_decor_slide_cut,
          roderic_filled_cross, serial_park_tiny_2, minmay_pentomino_p4
D:2:      layout_rooms, nicolae_overflow_crystal_walls, trog_book
D:3:      layout_loops_ring, nicolae_gozag_cash_rules_everything_around_me,
          lemuel_crystal_altar, eat_drink_and_be_merry_uskayaw, uniq_robin
D:4:      layout_basic, nemelex_xobeh_ov_fountains_minmay, serial_glass,
          glass_columns_c, glass_columns_a, glass_columns_b, glass_columns_c,
          glass_columns_b, glass_columns_c, glass_columns_a, glass_columns_c,
          glass_columns_a, glass_columns_a, gup_sewer_entry_bowl, serial_shops,
          shop_statue
D:5:      layout_rooms, fedhas_bush_and_centaur_altar,
          minmay_temple_entry_statues_fountains, led_sif_book
D:6:      minmay_razor_zed, layout_loops_ring, lemuel_doored_altar,
          chequers_arboretum, roderic_roman_lattice, uniq_pikel
D:7:      layout_loops_cross, serial_shops, shop
D:8:      layout_cave_pools, serial_shops, shop, kennysheep_mini_moat, shop,
          basic_altar
D:9:      layout_roguey, cheibrodos_ashenzari_chains, kennysheep_vampire_church,
          kennysheep_orc_monster_closet_entryway, lemuel_oklob_altar, uniq_grum

Skill      XL: |  1  2  3  4  5  6  7  8  9 10 |
---------------+-------------------------------+-----
Fighting       | 4 5 6 8 |  8.3
Unarmed Combat | 4 5 6 7 9 10 11 | 11.1
Armour         | 1 3 4 5 |  5.0
Shields        | 1 2 3 |  3.5
Dodging        | 3 4 |  4.5
Evocations     | 1 |  1.8
Stealth        | |  2.1

Action                   |  1- 3 |  4- 6 |  7- 9 | 10-12 || total
-------------------------+-------+-------+-------+-------++-------
Melee: Unarmed           |   126 |   160 |   375 |    24 ||   685
       Punch             |     3 |     2 |    12 |       ||    17
  Use: Scroll            |     5 |     9 |     9 |       ||    23
 Stab: Sleeping          |     1 |     4 |     1 |       ||     6
       Distracted        |       |       |     4 |       ||     4
Armor: Robe              |    16 |    24 |       |       ||    40
       Ring mail         |       |    10 |   114 |     6 ||   130
Dodge: Dodged            |    82 |   100 |   183 |    19 ||   384
Block: Buckler           |       |       |    17 |    16 ||    33
